 Dungeon Crawl Stone Soup version 0.27-a0-1200-g94dc6ad4cf (webtiles) character file.

Game seed: 17740270845215520144

1047 Mesmaeker13 the Caller (level 7, -3/50 HPs)
             Began as a Demigod Summoner on May 31, 2021.
             Succumbed to kobold brigand's curare-tipped dart
             ... on level 6 of the Dungeon.
             The game lasted 00:11:18 (7877 turns).

Mesmaeker13 the Caller (Demigod Summoner)           Turns: 7877, Time: 00:11:18

Health: -3/50      AC:  3    Str: 15    XL:     7   Next: 75%
Magic:  17/17      EV: 14    Int: 25    God:
Gold:   204        SH:  0    Dex: 14    Spells: 5/15 levels left

rFire    . . .     SeeInvis .   p - +2 short sword (drain)
rCold    + . .     Faith    .   (no shield)
rNeg     . . .     Spirit   .   a - +0 robe
rPois    .         Reflect  .   (no helmet)
rElec    .         Harm     .   f - +0 cloak
rCorr    .         Rampage  .   (no gloves)
Will     .....                  (no boots)
Stlth    ++........             (no amulet)
HPRegen  0.16/turn              k - +6 ring of strength
MPRegen  0.15/turn              d - ring of protection from cold

@: lethally poisoned (-3 -> -16), slowed, very slow
A: high mp 1, forlorn
a: no special abilities


You were on level 6 of the Dungeon.
You visited 1 branch of the dungeon, and saw 7 of its levels.
You also visited: Sewer.

You collected 204 gold pieces.

Inventory:

Hand Weapons
 j - a +0 vorpal mace
 m - a +1 vorpal hand axe
 p - a +2 short sword of draining (weapon)
 w - a +2 dagger of holy wrath
Armour
 a - a +0 robe (worn)
 f - a +0 cloak (worn)
 h - a +0 leather armour
 x - a +2 ring mail of fire resistance
Jewellery
 d - a ring of protection from cold (right hand)
 k - a +6 ring of strength (left hand)
Wands
 b - a wand of digging (1)
 c - a wand of flame (12)
 s - a wand of iceblast (14)
Scrolls
 e - a scroll of enchant weapon {unknown}
 g - 2 scrolls of amnesia
 i - 2 scrolls of blinking
 l - 4 scrolls of teleportation
 o - 3 scrolls of noise {unknown}
 q - a scroll of immolation
 r - 3 scrolls of magic mapping {unknown}
 y - a scroll of fog {unknown}
 z - 4 scrolls of identify
Potions
 n - a potion of flight
 t - a potion of might {unknown}
 u - a potion of heal wounds
 v - a potion of brilliance {unknown}


   Skills:
 + Level 5.0 Dodging
 - Level 1.7 Stealth
 + Level 4.7 Spellcasting
 + Level 6.0 Summonings
 + Level 1.6 Ice Magic


You had 5 spell levels left.
You knew the following spells:

 Your Spells              Type           Power      Damage    Failure   Level
a - Summon Small Mammal   Summ           100%       N/A       1%          1
b - Call Imp              Summ           36%        N/A       1%          2
c - Call Canine Familiar  Summ           36%        N/A       2%          3
d - Summon Ice Beast      Ice/Summ       25%        N/A       17%         4

Your spell library contained the following spells:

 Spells                   Type           Power      Damage    Failure   Level
 Summon Guardian Golem    Hex/Summ       20%        N/A       8%          3
 Summon Lightning Spire   Summ/Air       20%        N/A       24%         4


Dungeon Overview and Level Annotations

Branches:
Dungeon (7/15)             Temple (0/1) D:5           Sewer (visited)

Annotations:
D:4 1 runed translucent door, Nosferatu13666's ghost, amateur DsAK
D:5 Sigmund


Innate Abilities, Weirdness & Mutations

Your attributes grow dramatically as you level up.
You have an increased reservoir of magic. (+10% MP)
You shall have no god before yourself.


Message History

Aim: a kobold brigand, wielding a +0 whip and quivering curare-tipped darts The mass of ice explodes!
The iceblast engulfs the kobold brigand!
The kobold brigand is moderately wounded.
You feel very sick.
The kobold throws a stone.
The stone hits you but does no damage.
The kobold brigand throws a curare-tipped dart.
The curare-tipped dart hits you.
You are more poisoned.
You have difficulty breathing.
You feel as though you will be slow longer.
Aiming: Iceblast
Press: ? - help, Shift-Dir - straight line, f/p - kobold brigand
Aim: a kobold brigand, wielding a +0 whip and quivering curare-tipped darts (moderately wounded)
The mass of ice explodes!
The iceblast engulfs the kobold brigand!
The kobold brigand is severely wounded.
The iceblast engulfs the kobold!
You kill the kobold!
You feel very sick.
The kobold brigand throws a curare-tipped dart.
The curare-tipped dart hits you.
You are lethally poisoned!
You have difficulty breathing.
You feel as though you will be slow longer.
Aiming: Iceblast
Press: ? - help, Shift-Dir - straight line, f - kobold, p - kobold brigand
Aim: a kobold, wielding a +0 short sword and quivering stones The mass of ice explodes!
The iceblast engulfs the kobold!!
You kill the kobold!
The iceblast engulfs the kobold brigand!!
You kill the kobold brigand!
* * * LOW HITPOINT WARNING * * *
You feel extremely sick.
Your Summonings skill increases to level 6!
Unknown command.
* * * LOW HITPOINT WARNING * * *
You feel extremely sick.
You climb upwards.
You die...

#.# #. #.# ##### #.#####..##
#....#..8#. #.##..._.'.
#.####..8#.
######################.# ##..##
#.....[................#########
##.###..)....##@..............#.
#.# #.<....)')..#..........#.#.
#.# #..)....##..#.#####.##.#.#.
#.# ####........#.# #.##.#.#.
#.# #.#......#.# #.##.#.#. #.#
#.#.##.....#####.##.#... #.#
#.#.<#.................. #.#
#.#..#.#########.######. #.#
###.#..#.#...>..(.........


There were no monsters in sight!

Vanquished Creatures
  An ice beast (D:4)
  A sky beast (D:6)
  A kobold brigand (D:7)
  2 howler monkeys (D:6)
  A centaur skeleton (D:6)
  A jelly (D:5)
  A bullfrog skeleton (D:6)
  2 hounds
  3 orc wizards (D:6)
  5 gnolls
  3 adders (D:6)
  2 dart slugs (D:1)
  6 orcs
  A ball python (D:2)
  4 bats
  2 endoplasms
  2 giant cockroaches
  A goblin (D:4)
  A hobgoblin (D:3)
  A jackal (D:2)
  11 kobolds
  A quokka (D:2)
  A goblin skeleton (D:6)
  4 goblin zombies (D:6)
  3 hobgoblin zombies (D:6)
  An orc skeleton (D:6)
  An orc zombie (D:6)
  5 rats
68 creatures vanquished.

Vanquished Creatures (collateral kills)
  An ice beast (D:5)
  A hornet zombie (D:6)
  2 ogres
  A bullfrog (D:5)
  A scorpion (D:6)
  A water moccasin skeleton (D:4)
  A hound (D:6)
  An orc wizard (D:6)
  2 gnolls
  8 adders
  A white imp (D:6)
  A nameless horror (Sewer)
  4 worms
  8 orcs
  A bat (D:3)
  An endoplasm (Sewer)
  A giant cockroach (D:3)
  4 goblins
  2 hobgoblins (D:3)
  5 jackals
  A quokka (D:1)
  4 ball pythons
  A hobgoblin zombie (D:6)
  4 kobolds
  A kobold zombie (D:6)
  An orc skeleton (D:6)
  4 rats
63 creatures vanquished.

Vanquished Creatures (others)
  7 plants
  4 toadstools (D:1)
  2 withered plants (D:3)
13 creatures vanquished.

Grand Total: 144 creatures vanquished

Notes
Turn   | Place    | Note
-------+----------+-------------------------------------------
     0 | D:1      | Mesmaeker13 the Demigod Summoner began the quest for the
                  | Orb.
     0 | D:1      | Reached XP level 1. HP: 14/14 MP: 5/5
  1008 | D:2      | Reached XP level 2. HP: 15/20 MP: 5/7
  1014 | D:2      | Learned a level 2 spell: Call Imp
  1770 | D:2      | Reached skill level 4 in Summonings
  1770 | D:2      | Reached XP level 3. HP: 26/26 MP: 0/9
  1993 | D:3      | Learned a level 3 spell: Call Canine Familiar
  3108 | D:4      | Reached XP level 4. HP: 28/30 MP: 3/10
  3333 | D:4      | Noticed an ice beast
  3343 | D:4      | Killed an ice beast
  3344 | D:4      | Reached XP level 5. HP: 26/38 MP: 5/12
  3545 | D:4      | Noticed an ogre
  3573 | D:4      | Killed an ogre
  3867 | D:4      | Found a runed translucent door.
  4385 | D:4      | Noticed Nosferatu13666's ghost (amateur DsAK)
  4385 | D:4      | Noticed a water moccasin
  4663 | D:5      | Entered Level 5 of the Dungeon
  4719 | D:5      | Reached XP level 6. HP: 32/45 MP: 6/14
  4746 | D:5      | Reached skill level 5 in Summonings
  4808 | D:5      | Found a staircase to the Ecumenical Temple.
  4862 | D:5      | Found a glowing drain.
  4875 | Sewer    | Entered a sewer
  5634 | D:5      | Noticed Sigmund
  6277 | D:6      | Reached XP level 7. HP: 35/50 MP: 16/16
  6609 | D:6      | Learned a level 4 spell: Summon Ice Beast
  6954 | D:6      | Reached skill level 1 in Ice Magic
  7712 | D:6      | Reached skill level 5 in Dodging
  7876 | D:7      | Reached skill level 6 in Summonings
  7877 | D:6      | Succumbed to kobold brigand's curare-tipped dart

Illustrated notes

Levels and vault maps discovered:
D:1:      ldierk_walled_garden_2, layout_rooms, serial_rivers,
          chequers_serial_rivers_micro_e, chequers_serial_rivers_small_b,
          chequers_serial_rivers_large_a, chequers_serial_rivers_small_a,
          chequers_serial_rivers_micro_b, chequers_serial_rivers_micro_d
D:2:      layout_basic
D:3:      layout_rooms, pdpol_temple_overflow_zin_treasury_gozag_greed,
          shapermc_ecumenical_altar_flowoftime
D:4:      cheibrodos_old_hovel, layout_layer_cave, vehumet_altar_wand_db,
          ebering_ghost_inner_flame
D:5:      layout_basic, minmay_temple_entry_tees, portal_sewer_entry_d,
          chequers_mini_garden, uniq_sigmund
D:6:      minmay_angry_zag, layout_basic, led_sif_book,
          nicolae_tso_besieged_by_evil
D:7:      layout_rooms, serial_rivers, chequers_serial_rivers_micro_d,
          chequers_serial_rivers_micro_d, chequers_serial_rivers_micro_a,
          chequers_serial_rivers_marsh, chequers_serial_rivers_micro_a,
          minmay_misc_feat_enclosed, minmay_fire_ice_demons

Skill      XL: |  1  2  3  4  5  6  7 |
---------------+----------------------+-----
Dodging        | 2 3 4 5 |  5.0
Spellcasting   | 2 3 4 |  4.7
Summonings     | 4 5 6 |  6.0
Ice Magic      | 1 |  1.6
Stealth        | |  1.7

Action                   |  1- 3 |  4- 6 |  7- 9 || total
-------------------------+-------+-------+-------++-------
Melee: Dagger            |    50 |    33 |    36 ||   119
       Unarmed           |     1 |       |       ||     1
       Mace              |     6 |       |       ||     6
       Hand axe          |    31 |       |       ||    31
       Short sword       |     1 |    82 |    39 ||   122
 Cast: Summon Small Mamm |    13 |       |       ||    13
       Call Imp          |    39 |    42 |     4 ||    85
       Call Canine Famil |     2 |    10 |     2 ||    14
Evoke: Wand              |       |       |     5 ||     5
  Use: Scroll            |     4 |       |       ||     4
       Potion            |       |       |     3 ||     3
 Stab: Sleeping          |     1 |     2 |     4 ||     7
       Distracted        |     1 |     2 |       ||     3
Armor: Robe              |    25 |    25 |    14 ||    64
Dodge: Dodged            |    62 |    65 |    59 ||   186

Table legend: (Time is in decaauts)
 A = Elapsed time spent in this place.
 B = Non-inter-level travel time spent in this place.
 C = Inter-level travel time spent in this place.
 D = Time resting spent in this place.
 E = Time spent auto-exploring this place.
 F = Levels seen in this place.
 G = Mean time per level.
                   A        B        C        D        E       F      G
               +--------+--------+--------+--------+--------+-----+--------+
         Total |   8015 |   7577 |    438 |   2292 |   3788 |   8 | 1001.9 |
       Dungeon |   7197 |   6759 |    438 |   1985 |   3536 |   7 | 1028.1 |
         Sewer |    818 |    818 |      0 |    307 |    251 |   1 |  818.0 |
               +--------+--------+--------+--------+--------+-----+--------+

Top non-repeatable levels by time:
     D:6: 2105 daAuts
     D:4: 1650 daAuts
     D:2: 1108 daAuts
     D:1: 1003 daAuts
     D:3: 984 daAuts
   Sewer: 818 daAuts
     D:5: 330 daAuts
     D:7: 14 daAuts
